General information
- name: BNet
- type: Ladder team game (AT/RT)
- host: Battle.net
- saver: WH0RE.
map: TurtleRock
- players: 4
- length: 11:00
- speed: Fast
- version: 1.23 W3XP
- replay type: Public
» download(51 KB)
Players
team 1 (loser)

»
HenkJan (
teal | 23 APM | 250 actions | 10:58)
2 Dark Ranger
1 Life Drain
1 Black Arrow
» actions
| Assign group hotkey | 4 | |
| Build / train | 26 | |
| ESC pressed | 1 | |
| Enter build submenu | 12 | |
| Enter hero's abilities submenu | 2 | |
| Right click | 112 | |
| Select / deselect | 71 | |
| Use ability | 22 | |
250 total
» units
» buildings
| Altar of Elders | 1 | |
| Moon Well | 6 | |
| Ancient of War | 1 | |
| Hunter's Hall | 1 | |
| Ancient of Wonders | 1 | |
| Tree of Ages | 1 | |
11 total
» build order
00:10 Altar of Elders
00:15 Moon Well
01:14 Ancient of War
01:53 Moon Well
02:41 Hunter's Hall
03:34 Ancient of Wonders
04:04 Moon Well
05:59 Tree of Ages
06:02 Moon Well
07:38 Moon Well
07:43 Moon Well

»
KankerMongool (
red | 45 APM | 477 actions | 10:31)
2 Mountain King
1 Storm Bolt
1 Bash
» actions
| Assign group hotkey | 5 | |
| Build / train | 30 | |
| Enter build submenu | 20 | |
| Enter hero's abilities submenu | 2 | |
| Right click | 271 | |
| Select / deselect | 111 | |
| Select group hotkey | 8 | |
| Use ability | 30 | |
477 total
» units
» upgrades
| Swords | 2 | |
| Animal War Training | 1 | |
| Masonry | 1 | |
4 total
» buildings
| Altar of Kings | 1 | |
| Farm | 7 | |
| Barracks | 2 | |
| Scout Tower | 2 | |
| Arcane Vault | 1 | |
| Keep | 1 | |
| Arcane Tower | 1 | |
| Lumber Mill | 1 | |
| Blacksmith | 1 | |
| Castle | 1 | |
| Arcane Sanctum | 1 | |
| Guard Tower | 1 | |
20 total
» build order
00:22 Altar of Kings
00:27 Farm
01:08 Barracks
01:31 Farm
02:10 Farm
02:51 Scout Tower
03:04 Arcane Vault
03:26 Keep
03:27 Arcane Tower
03:30 Farm
03:33 Lumber Mill
04:15 Farm
04:18 Farm
04:59 Blacksmith
06:23 Castle
06:33 Barracks
07:48 Farm
08:30 Arcane Sanctum
09:07 Scout Tower
09:28 Guard Tower
» items
| Scroll of Regeneration | 2 | |
| Lesser Clarity Potion | 1 | |
| Ivory Tower | 2 | |
5 total
team 2 (winner)
DR.OCTAGON (
blue | 78 APM | 853 actions | 10:59)
4 Death Knight
2 Death Coil
2 Unholy Aura
1 Lich
1 Frost Nova
» actions
| Assign group hotkey | 22 | |
| Basic commands | 45 | |
| Build / train | 40 | |
| Enter build submenu | 15 | |
| Enter hero's abilities submenu | 5 | |
| Remove unit from queue | 1 | |
| Right click | 436 | |
| Select / deselect | 117 | |
| Select group hotkey | 126 | |
| Use ability | 46 | |
853 total
» units
| Acolyte | 2 | |
| Ghoul | 3 | |
| Crypt Fiend | 10 | |
15 total
» upgrades
» buildings
| Graveyard | 1 | |
| Crypt | 1 | |
| Altar of Darkness | 1 | |
| Ziggurat | 4 | |
| Tomb of Relics | 1 | |
| Nerubian Tower | 2 | |
| Halls of the Dead | 1 | |
| Black Citadel | 4 | |
| Sacrificial Pit | 1 | |
16 total
» build order
00:11 Graveyard
00:22 Crypt
00:51 Altar of Darkness
01:05 Ziggurat
01:17 Tomb of Relics
02:00 Ziggurat
02:09 Nerubian Tower
02:09 Nerubian Tower
04:33 Halls of the Dead
04:37 Ziggurat
05:03 Ziggurat
07:18 Black Citadel
07:18 Black Citadel
07:19 Black Citadel
09:08 Sacrificial Pit
» items
WH0RE. (
yellow | 202 APM | 2223 actions | 11:00)
4 Demon Hunter
2 Mana Burn
2 Evasion
2 Pandaren Brewmaster
1 Breath of Fire
1 Drunken Haze
» actions
| Assign group hotkey | 14 | |
| Basic commands | 13 | |
| Build / train | 31 | |
| Enter build submenu | 14 | |
| Enter hero's abilities submenu | 6 | |
| Give item / drop item | 1 | |
| Right click | 588 | |
| Select / deselect | 84 | |
| Select group hotkey | 1443 | |
| Use ability | 29 | |
2223 total
» units
| Wisp | 11 | |
| Huntress | 5 | |
| Druid of the Claw | 1 | |
17 total
» upgrades
| Druid of the Claw Training | 1 | |
1 total
» buildings
| Altar of Elders | 1 | |
| Moon Well | 6 | |
| Hunter's Hall | 1 | |
| Ancient of War | 2 | |
| Tree of Ages | 1 | |
| Ancient of Wonders | 1 | |
| Ancient of Lore | 2 | |
| Tree of Eternity | 2 | |
16 total
» build order
00:05 Altar of Elders
00:22 Moon Well
01:35 Hunter's Hall
02:21 Ancient of War
02:22 Ancient of War
02:30 Moon Well
02:36 Moon Well
03:31 Moon Well
05:10 Tree of Ages
06:54 Ancient of Wonders
08:34 Ancient of Lore
08:36 Ancient of Lore
09:04 Moon Well
09:11 Moon Well
09:55 Tree of Eternity
09:55 Tree of Eternity
» items
| Boots of Speed | 1 | |
| Staff of Teleportation | 1 | |
2 total
Chat log
(00:28 / All) DR.OCTAGON: I got the block on smash.
(00:37 / All) HenkJan: links rechts
(00:38 / All) KankerMongool: ok
(00:44 / All) DR.OCTAGON: jawohl
(00:45 / All) DR.OCTAGON: wie geths
(00:47 / All) DR.OCTAGON: gehts
(00:58 / All) DR.OCTAGON: ger?
(01:06 / All) DR.OCTAGON: zzz
(01:08 / Allies) DR.OCTAGON: geh weg
(01:11 / All) KankerMongool: hitler?
(01:14 / All) DR.OCTAGON: geh weg
(01:25 / All) DR.OCTAGON: du bist zu viel blud
(01:30 / All) HenkJan: ?
(01:33 / All) DR.OCTAGON: jajaj
(01:41 / All) DR.OCTAGON: ich kenne das am morgen
(01:44 / All) DR.OCTAGON: du?
(01:59 / All) KankerMongool: du bist ein kleine juden swein
(02:07 / All) DR.OCTAGON: eine*
(02:30 / All) KankerMongool: kk mog
(02:31 / All) KankerMongool: mof
(02:32 / All) DR.OCTAGON: dont bring freetranslation.net to the table when you speak to a pureblood.
(02:48 / All) KankerMongool: speak now dutch then
(03:05 / All) DR.OCTAGON: i can only speak austrain dialect german and german
(03:56 / All) HenkJan: stoer hee
(03:59 / All) HenkJan: kanker flikker
(04:01 / All) DR.OCTAGON: :o
(04:03 / All) DR.OCTAGON: exotic
(04:05 / All) DR.OCTAGON: and erotic
(04:57 / Allies) DR.OCTAGON: push after i get 3?
(05:03 / Allies) WH0RE.: k
(05:29 / Allies) DR.OCTAGON: let me get 3 off the shop
(05:32 / Allies) DR.OCTAGON: red has mk foots
(05:33 / Allies) DR.OCTAGON: care
(06:03 / Allies) DR.OCTAGON: i meat
(06:04 / Allies) DR.OCTAGON: lol
(06:05 / Allies) DR.OCTAGON: like stay way
(06:07 / Allies) DR.OCTAGON: so i could get 3
(06:08 / Allies) DR.OCTAGON: ;p
(06:30 / Allies) DR.OCTAGON: lol @
(06:32 / Allies) DR.OCTAGON: huntesr hall
(07:07 / All) KankerMongool: gay mass
(07:31 / All) DR.OCTAGON: yo think aobut this
(07:34 / All) DR.OCTAGON: you call this mass
(07:36 / All) DR.OCTAGON: you didnt even tech
(07:38 / All) KankerMongool: y
(07:40 / All) DR.OCTAGON: so what did you do wrong
(07:43 / All) DR.OCTAGON: look at your gold scount right now
(07:46 / All) DR.OCTAGON: i bet you have 1000 each
(07:50 / All) DR.OCTAGON: build fucking untis
(07:59 / All) KankerMongool: i tech noob
(08:04 / All) DR.OCTAGON: im serious, if you have the audaicty
(08:05 / All) DR.OCTAGON: to tech
(08:08 / All) DR.OCTAGON: then show some tech
(08:16 / All) DR.OCTAGON: instead you are barely teched
(08:21 / All) DR.OCTAGON: like teal here
(08:25 / All) DR.OCTAGON: he had 3 tier one units
(08:32 / All) DR.OCTAGON: so you'd think he'd be pumping yads
(08:36 / All) DR.OCTAGON: to make up for it, like a quick tech
(08:39 / All) DR.OCTAGON: instead look at him
(08:41 / All) DR.OCTAGON: probably sitting on
(08:42 / All) DR.OCTAGON: 1.5k
(08:48 / Allies) DR.OCTAGON: im extra
(08:52 / Allies) DR.OCTAGON: weird today
(08:55 / Allies) DR.OCTAGON: they probahly dont even understand me
(08:58 / Allies) DR.OCTAGON: zzz
(09:40 / All) KankerMongool: and u just noob
(09:45 / All) KankerMongool: and make mass units
(09:51 / All) DR.OCTAGON: and you're a dickhead faggot
(09:53 / All) DR.OCTAGON: see what i did there?
(09:58 / All) KankerMongool: how did you know
(10:00 / All) WH0RE.: yo i have tier3
(10:02 / All) KankerMongool: mass?
(10:15 / All) KankerMongool: u have tier 3 and
(10:18 / All) KankerMongool: 12 hunts?
(10:20 / All) DR.OCTAGON: dude what were you teching to
(10:22 / All) WH0RE.: and i teched AND made units
(10:22 / Allies) DR.OCTAGON: you look like
(10:23 / All) DR.OCTAGON: you
(10:25 / All) WH0RE.: try it sometime
(10:28 / All) DR.OCTAGON: you look like you had no idea what you are doing
(10:30 / All) KankerMongool: mass units
(10:32 / All) DR.OCTAGON: what are you teching to?
(10:34 / All) DR.OCTAGON: late game rifles?
(10:42 / All) DR.OCTAGON: also teal
(10:44 / All) DR.OCTAGON: you suck too
(10:46 / All) DR.OCTAGON: just because you dont talk
(10:53 / All) DR.OCTAGON: doesnt mean ill let you go for the mistake that was
(10:54 / All) DR.OCTAGON: 2 hunts
(10:56 / All) DR.OCTAGON: and a slow tech